 Dungeon Crawl Stone Soup version 0.26-a0-597-gb535b0901c (webtiles) character file.

Game seed: 15261309676182284808

298 Alarkh the Insei (level 6, 48/48 HPs)
             Began as a Demonspawn Monk on Sept 3, 2020.
             Got out of the dungeon alive.
             The game lasted 00:02:10 (1850 turns).

Alarkh the Insei (Demonspawn Monk)                  Turns: 1850, Time: 00:02:10

Health: 48/48      AC:  9    Str: 11    XL:     6   Next: 13%
Magic:  6/6        EV:  9    Int: 14    God:
Gold:   85         SH: 10    Dex: 15    Spells: 5/5 levels left

rFire    . . .     SeeInvis .     - Unarmed
rCold    + . .     Faith    .   c - +2 kite shield
rNeg     . . .     Spirit   +   b - +2 ring mail {rC+}
rPois    .         Reflect  .   o - +1 helmet
rElec    .         Harm     .   (no cloak)
rCorr    .                      (no gloves)
MR       .....                  (no boots)
Stlth    +.........             g - amulet of guardian spirit
HPRegen  0.16/turn              (no ring)
MPRegen  0.10/turn              (no ring)

@: no status effects
A: claws 2, demonic guardian 1, spiny 1
a: no special abilities


You escaped.
You visited 1 branch of the dungeon, and saw 3 of its levels.

You collected 85 gold pieces.

Inventory:

Armour
 a - a +0 robe
 b - a +2 ring mail of cold resistance (worn)
 c - a +2 kite shield (worn)
 o - a +1 helmet (worn)
Jewellery
 g - an amulet of guardian spirit (around neck)
 i - an uncursed amulet of the acrobat
Scrolls
 e - 2 scrolls of enchant weapon {unknown}
 f - 3 scrolls of teleportation {unknown}
 h - a scroll of random uselessness {unknown}
 j - 2 scrolls of identify {unknown}
 k - 3 scrolls of fear {unknown}
 m - 3 scrolls of remove curse {unknown}
 n - a scroll of amnesia {unknown}
 p - a scroll of enchant armour {unknown}
Potions
 d - a potion of curing
 l - a potion of stabbing {unknown}


   Skills:
 + Level 4.3 Fighting
 - Level 2.6 Dodging
 - Level 1.7 Stealth
 + Level 2.5 Shields
 * Level 4.8 Unarmed Combat


You had 5 spell levels left.
You didn't know any spells.
Your spell library contained the following spells:

 Spells                   Type           Power        Failure   Level
 Magic Dart               Conj           #...         98%         1
 Blink                    Tloc           N/A          99%         2
 Call Imp                 Summ           #.......     99%         2
 Slow                     Hex            #.......     99%         2
 Conjure Flame            Conj/Fire      #.......     100%        3
 Mephitic Cloud           Conj/Pois/Air  #.......     100%        3


Dungeon Overview and Level Annotations

Branches:
Dungeon (3/15)

Altars:
Ashenzari


Innate Abilities, Weirdness & Mutations

You have very sharp fingernails.
A weak demonic guardian rushes to your aid.
You are partially covered in sharp spines.


Message History

You add the spells Magic Dart, Blink, Call Imp, Slow, Conjure Flame and Mephitic Cloud to your library.
(D) Dungeon
Where to? (Enter - D:3, ? - help)
What level of the Dungeon? (default 1, ? - help)
You see here a hobgoblin corpse.
You see here 29 bolts.
You see here a +0 club.
There is a stone staircase leading up here.
You climb upwards.
There is a stone staircase leading down here.
There is a stone staircase leading up here.
You climb upwards.
There is a stone staircase leading down here.
(D) Dungeon
Where to? (Enter - D:1, ? - help) You're already here!
There is an empty arch of ancient stone here.
There is a staircase leading out of the dungeon here.
Are you sure you want to leave the Dungeon?
This will make you lose the game!
You have escaped!

#♣...............### #..#+######
#.....)..........∩.# ##.....#
##...............#∩## #.....#
##......⌠.....♣.....# #.....#
.#∩#................♣##.....####
..###♣..............♣#.........#
### #..............##.........#
#.......[.....≈##.........#
#♣..♣......@.####.........#
#...........## ##.........#
##.♣....♣..## #..........#
########### #.##...######
#..#...# #... ##.#...# #...
#.#...# #.(. #.#...# #...
#.)...###...


There were no monsters in sight!

Vanquished Creatures
  Sigmund (D:2)
  A scorpion (D:3)
  4 adders (D:2)
  2 worms
  A leopard gecko (D:2)
  6 giant cockroaches
  7 goblins
  8 hobgoblins
  7 kobolds
  A quokka (D:2)
  A ball python (D:2)
  6 bats
  2 frilled lizards (D:1)
  5 rats
52 creatures vanquished.

Notes
Turn   | Place    | Note
-------+----------+-------------------------------------------
     0 | D:1      | Alarkh the Demonspawn Monk began the quest for the Orb.
     0 | D:1      | Reached XP level 1. HP: 18/18 MP: 1/1
   137 | D:1      | Gained mutation: You have sharp fingernails. [demonic
                  | ancestry]
   137 | D:1      | Reached XP level 2. HP: 24/24 MP: 2/2
   527 | D:2      | Reached skill level 1 in Shields
   540 | D:2      | Gained mutation: You are partially covered in sharp spines.
                  | [demonic ancestry]
   540 | D:2      | Reached XP level 3. HP: 19/29 MP: 1/3
   926 | D:2      | Gained mutation: You have very sharp fingernails. [demonic
                  | ancestry]
   926 | D:2      | Reached XP level 4. HP: 19/35 MP: 2/4
  1218 | D:2      | Noticed Sigmund
  1243 | D:2      | Killed Sigmund
  1243 | D:2      | Reached XP level 5. HP: 18/42 MP: 1/5
  1555 | D:2      | Found a shattered altar of Ashenzari.
  1764 | D:3      | Gained mutation: A weak demonic guardian rushes to your
                  | aid. [demonic ancestry]
  1764 | D:3      | Reached XP level 6. HP: 48/48 MP: 6/6
  1850 | D:$      | Got out of the dungeon alive.

Illustrated notes

Levels and vault maps discovered:
D:1:      nzn_arrival_settlement, layout_basic, minmay_domino_2
D:2:      layout_basic, marbit_many_paths, uniq_sigmund
D:3:      layout_basic, elyvilon_altar_5, kennysheep_path_1

Skill      XL: |  1  2  3  4 |
---------------+-------------+-----
Unarmed Combat | 3 4 |  4.8
Shields        | 1 2 |  2.5
Fighting       | 4 |  4.3
Dodging        | |  2.6
Stealth        | |  1.7

Action                   |  1- 3 |  4- 6 || total
-------------------------+-------+-------++-------
Melee: Unarmed           |   110 |    55 ||   165
  Use: Potion            |       |     3 ||     3
Armor: Ring mail         |    40 |    14 ||    54
Dodge: Dodged            |    30 |     6 ||    36
Block: Kite shield       |    48 |    18 ||    66

Table legend: (Time is in decaauts)
 A = Elapsed time spent in this place.
 B = Non-inter-level travel time spent in this place.
 C = Inter-level travel time spent in this place.
 D = Time resting spent in this place.
 E = Time spent auto-exploring this place.
 F = Levels seen in this place.
 G = Mean time per level.
                   A        B        C        D        E       F      G
               +--------+--------+--------+--------+--------+-----+--------+
         Total |   1855 |   1739 |    116 |     14 |   1355 |   3 |  618.3 |
       Dungeon |   1855 |   1739 |    116 |     14 |   1355 |   3 |  618.3 |
               +--------+--------+--------+--------+--------+-----+--------+

Top non-repeatable levels by time:
     D:2: 1201 daAuts
     D:1: 554 daAuts
     D:3: 99 daAuts
